 Dungeon Crawl Stone Soup version 0.25.0-11-g1f837a76a1 (webtiles) character file.

Game seed: 1460885899765005916

107 mortelune the Caller (level 4, 0/34 HPs)
             Began as a Barachi Summoner on June 27, 2020.
             Was a Follower of Cheibriados.
             Succumbed to a gnoll's poison
             ... on level 3 of the Dungeon.
             The game lasted 00:06:38 (3310 turns).

mortelune the Caller (Barachi Summoner)             Turns: 3310, Time: 00:06:39

Health: 0/34       AC:  2    Str: 11    XL:     4   Next: 85%
Magic:  1/8        EV: 12    Int: 19    God:    Cheibriados [*.....]
Gold:   37         SH:  0    Dex: 14    Spells: 3/9 levels left

rFire    . . .     SeeInvis .   d - +3 dagger (venom)
rCold    . . .     Gourm    .   (no shield)
rNeg     . . .     Faith    .   a - +0 robe
rPois    .         Spirit   .   (no helmet)
rElec    .         Reflect  .   (no cloak)
rCorr    .         Harm     .   (no gloves)
MR       .....                  (no boots)
Stlth    ++........             (no amulet)
HPRegen  0.11/turn              (no ring)
MPRegen  0.11/turn              (no ring)

@: lethally poisoned (0 -> -2), can't hop, very slow
A: +LOS, swims, slowness 1, strong legs 1
a: Hop, Bend Time, Renounce Religion


You were on level 3 of the Dungeon.
You worshipped Cheibriados.
Cheibriados was aware of your devotion.
You were near starving.

You visited 1 branch of the dungeon, and saw 3 of its levels.

You collected 37 gold pieces.

Inventory:

Hand Weapons
 d - a +3 dagger of venom (weapon)
 h - a cursed -2 falchion
Armour
 a - a +0 robe (worn)
Scrolls
 b - 3 scrolls of remove curse
 e - 2 scrolls of fear
 f - a scroll of enchant armour {unknown}
 j - a scroll of amnesia {unknown}
Comestibles
 c - a ration


   Skills:
 + Level 2.3 Fighting
 - Level 2.1 Dodging
 - Level 1.7 Stealth
 + Level 3.0 Spellcasting
 * Level 6.2 Summonings


You had 3 spell levels left.
You knew the following spells:

 Your Spells              Type           Power        Failure   Level  Hunger
a - Summon Small Mammal   Summ           ####         1%          1    None
b - Call Imp              Summ           ####....     1%          2    ##.....
c - Call Canine Familiar  Summ           ####....     3%          3    ###....

Your spell library contained the following spells:

 Spells                   Type           Power        Failure   Level  Hunger
 Summon Guardian Golem    Hex/Summ       ##......     13%         3    ###....
 Summon Ice Beast         Ice/Summ       ##......     38%         4    ####...
 Summon Lightning Spire   Summ/Air       ##......     38%         4    ####...


Dungeon Overview and Level Annotations

Branches:
Dungeon (3/15)

Altars:
Cheibriados
Trog


Innate Abilities, Weirdness & Mutations

You can be seen from farther away. (+LOS)
You can swim through water.
You cover ground slowly.
You can hop short distances.


Message History

The gnoll misses you.
Hop to where?
Press: ? - help, Dir - move target cursor, p - gnoll Boing!
Your crimson imp blinks!
The gnoll hits your hound with a +0 spear.
The goblin hits your hound but does no damage.
* * * LOW HITPOINT WARNING * * *
You feel sick.
Your hound bites the gnoll.
The gnoll hits your crimson imp!
Your hound closely misses the gnoll.
Your crimson imp hits the gnoll.
The gnoll hits your crimson imp!
Your crimson imp dies!
Your hound bites the gnoll.
Casting: Call Canine Familiar (dangerous; 3% risk of failure)
Confirm with . or Enter, or press ? or * to list all spells.
Your hound bites the gnoll.
The gnoll hits your hound with a +0 spear.
The gnoll closely misses your hound.
You die...

#/#g#.#
###g#.#
#h#.#
#g#.#
#.#.#
#.#.#
#.# #
#.#.##
#@...#
###r.#
..# .#
.# #


You could see 3 gnolls, a friendly hound (summoned) and a friendly quokka
(summoned).

Vanquished Creatures
  2 adders
  4 dart slugs (D:1)
  An orc (D:3)
  2 bats (D:1)
  7 goblins
  4 hobgoblins
  2 jackals (D:1)
  2 frilled lizards
  5 kobolds
  3 rats (D:2)
32 creatures vanquished.

Vanquished Creatures (collateral kills)
  An orc priest (D:2)
  An orc wizard (D:2)
  An adder (D:3)
  An orc (D:2)
  A bat (D:1)
  A goblin (D:2)
  2 hobgoblins (D:2)
  5 jackals (D:1)
  A ball python (D:2)
  A kobold (D:1)
  2 rats
17 creatures vanquished.

Grand Total: 49 creatures vanquished

Notes
Turn   | Place    | Note
-------+----------+-------------------------------------------
     0 | D:1      | mortelune the Barachi Summoner began the quest for the Orb.
     0 | D:1      | Reached XP level 1. HP: 13/13 MP: 3/3
   506 | D:1      | Reached skill level 5 in Summonings
   634 | D:1      | Reached XP level 2. HP: 11/20 MP: 1/5
   951 | D:1      | Reached skill level 1 in Fighting
  1174 | D:1      | Found a snail-covered altar of Cheibriados.
  1389 | D:1      | Reached XP level 3. HP: 20/26 MP: 6/6
  1904 | D:1      | Became a worshipper of Cheibriados the Contemplative
  1923 | D:1      | Learned a level 2 spell: Call Imp
  1927 | D:1      | Learned a level 3 spell: Call Canine Familiar
  2486 | D:2      | Reached XP level 4. HP: 33/33 MP: 8/8
  2582 | D:2      | Reached skill level 6 in Summonings
  3056 | D:3      | Found a bloodstained altar of Trog.
  3296 | D:3      | Reached * piety under Cheibriados
  3304 | D:3      | HP: 1/34 [gnoll (8)]
  3310 | D:3      | Succumbed to a gnoll's poison

Illustrated notes

Levels and vault maps discovered:
D:1:      beargit_arrival_greenhouse, layout_loops_corners,
          minmay_misc_feat_tiny, chequers_serial_rivers_large_b,
          minmay_crystal_water, cheibriados_altar_1
D:2:      layout_basic
D:3:      layout_loops_ring, old_standard_altar, first_ration

Skill      XL: |  1  2  3  4 |
---------------+-------------+-----
Summonings     | 5 6 |  6.2
Fighting       | 1 2 |  2.3
Spellcasting   | 3 |  3.0
Dodging        | |  2.1
Stealth        | |  1.7

Action                   |  1- 3 |  4- 6 || total
-------------------------+-------+-------++-------
Melee: Unarmed           |    30 |       ||    30
       Dagger            |    44 |    17 ||    61
 Cast: Summon Small Mamm |    15 |     1 ||    16
       Call Canine Famil |     1 |     5 ||     6
       Call Imp          |     1 |     2 ||     3
 Abil: Hop               |     1 |     2 ||     3
  Use: Scroll            |       |     2 ||     2
 Stab: Distracted        |     2 |     1 ||     3
       Sleeping          |     1 |     2 ||     3
  Eat: Chunk             |     3 |     2 ||     5
       Ration            |     1 |       ||     1
Armor: Robe              |    14 |     5 ||    19
Dodge: Dodged            |    56 |    23 ||    79
